 Dungeon Crawl Stone Soup version 0.28.0 (webtiles) character file.

Game seed: 6282341223242532022

91 sasquatch the Skirmisher (level 4, 0/37 HPs)
             Began as a Formicid Fighter on Feb 7, 2022.
             Succumbed to a goblin's poison
             ... on level 3 of the Dungeon.
             The game lasted 00:02:25 (2503 turns).

sasquatch the Skirmisher (Formicid Fighter)         Turns: 2503, Time: 00:02:25

Health: 0/37       AC:  8    Str: 23    XL:     4   Next: 88%
Magic:  4/4        EV:  9    Int:  7    God:
Gold:   103        SH:  4    Dex: 10    Spells: 3/3 levels left

rFire   . . .      SeeInvis +   a - +0 war axe
rCold   . . .      Faith    .   c - +0 buckler
rNeg    . . .      Spirit   .   b - +0 scale mail
rPois   .          Reflect  .   (helmet unavailable)
rElec   .          Harm     .   (no cloak)
rCorr   .          Rampage  .   (no gloves)
Will    .....                   j - +0 pair of boots
Stlth   ..........              (no amulet)
HPRegen 0.12/turn               (no ring)
MPRegen 0.09/turn               (no ring)

@: lethally poisoned (0 -> -21)
A: permanent stasis, dig shafts and tunnels, antennae 3, four strong arms
a: Dig, Shaft Self


You were on level 3 of the Dungeon.
You visited 1 branch of the dungeon, and saw 3 of its levels.

You collected 103 gold pieces.

Inventory:

Hand Weapons
 a - a +0 war axe (weapon)
Armour
 b - a +0 scale mail (worn)
 c - a +0 buckler (worn)
 j - a +0 pair of boots (worn)
Scrolls
 e - a scroll of summoning {unknown}
 h - a scroll of amnesia {unknown}
 i - a scroll of brand weapon {unknown}
 k - a scroll of holy word {unknown}
 l - a scroll of noise {unknown}
 m - a scroll of blinking {unknown}
 o - a scroll of fear {unknown}
Potions
 d - a potion of might
 f - 2 potions of attraction {unknown}
 g - 3 potions of curing {unknown}
 n - a potion of haste


   Skills:
 + Level 4.2 Fighting
 * Level 4.0 Axes
 - Level 3.2 Armour
 - Level 3.6 Shields


You had 3 spell levels left.
You didn't know any spells.
Your spell library contained the following spells:

 Spells                   Type           Power      Damage    Failure   Level
 Corpse Rot               Necr/Air       0%         N/A       91%         2
 Poisonous Vapours        Pois/Air       0%         N/A       91%         2
 Fulminant Prism          Conj/Hex       0%         3d6       100%        4
 Iskenderun's Mystic Bla  Conj/Tloc      0%         2d3       100%        4
 Lee's Rapid Deconstruct  Erth           0%         3d5*      100%        5


Dungeon Overview and Level Annotations

Branches:
Dungeon (3/15)

Altars:

Annotations:
D:3 1 transporter


Innate Abilities, Weirdness & Mutations

You cannot be hasted, slowed, berserked, paralysed or teleported.
You can dig through walls and to a lower floor.
You have a pair of large antennae on your head. (SInv)
Your four strong arms can wield two-handed weapons with a shield.


Message History

The goblin hits you with a +0 club.
You closely miss the goblin.
The goblin is heavily wounded.
You closely miss the goblin.
The goblin hits you but does no damage. x2
You are poisoned.
The goblin barely misses you.
You hit the goblin.
You kill the goblin!
You barely miss the goblin.
You feel very sick.
The goblin hits you with a +0 dagger of venom.
You are more poisoned.
You hit the goblin.
The goblin is severely wounded.
You feel very sick. The goblin hits you but does no damage.
You are more poisoned.
The goblin barely misses you.
You closely miss the goblin.
The goblin is severely wounded.
You feel very sick. The goblin hits you but does no damage.
You are lethally poisoned!
You are too injured to fight recklessly!
You are too injured to fight recklessly!
You are too injured to fight recklessly!
You are too injured to fight recklessly!
Unknown command.
You miss the goblin.
The goblin is severely wounded.
You feel extremely sick. The goblin hits you but does no damage.
You are more poisoned.
Unknown command.
You hit the goblin.
You kill the goblin!
* * * LOW HITPOINT WARNING * * *
You feel extremely sick.
Unknown command.
You die...

#.......# #.......#
#.......# .###.......#
...........#
.##........#
...........#
.......@).#
....###...# #
##{##..##############
..#
#..©#©.......#.......
..##{
#.####..#####.#.#####.
...###
{#...#####.#.#####.
...... .
###...##.........##.
......
{#.....##.##.#.##.##<
...#
{#.....##.##.#.##....


There were no monsters in sight!

Vanquished Creatures
  An adder (D:2)
  2 worms (D:2)
  3 dart slugs (D:1)
  5 orcs (D:3)
  5 ball pythons
  7 endoplasms
  2 giant cockroaches (D:1)
  3 hobgoblins (D:1)
  4 jackals (D:1)
  2 quokkas
  6 bats (D:1)
  5 frilled lizards
  8 goblins
  5 kobolds
  4 rats
62 creatures vanquished.

Vanquished Creatures (others)
  A plant (D:3)
1 creature vanquished.

Grand Total: 63 creatures vanquished

Notes
Turn   | Place    | Note
-------+----------+-------------------------------------------
     0 | D:1      | sasquatch the Formicid Fighter began the quest for the Orb.
     0 | D:1      | Reached XP level 1. HP: 18/18 MP: 1/1
   316 | D:1      | Reached XP level 2. HP: 20/24 MP: 2/2
   585 | D:1      | Reached XP level 3. HP: 25/29 MP: 3/3
  1169 | D:1      | Reached XP level 4. HP: 36/37 MP: 4/4
  2239 | D:3      | Found a transporter.
  2503 | D:3      | Succumbed to a goblin's poison

Illustrated notes

Levels and vault maps discovered:
D:1:      minmay_arrival_widening_spiral_narrow, layout_basic,
          minmay_misc_feat_five, minmay_misc_feat_room
D:2:      layout_loops_ring
D:3:      layout_loops_cross, gammafunk_ghost_abyssal_escape,
          grunt_ministairs_5, minmay_parallelograms, serial_bayou_pond_c

Skill      XL: |  1  2  3  4 |
---------------+-------------+-----
Axes           | 3 4 |  4.0
Fighting       | 4 |  4.2
Armour         | |  3.2
Shields        | |  3.6

Action                   |  1- 3 |  4- 6 || total
-------------------------+-------+-------++-------
Melee: War axe           |    82 |    86 ||   168
Armor: Scale mail        |    46 |    42 ||    88
Dodge: Dodged            |    31 |    27 ||    58
Block: Buckler           |    13 |    13 ||    26
